Map: Frost LE

Players

Voltz

  • Race: Zerg Zerg
  • League: Grandmaster

xKawaiian - Winner!

  • Race: Terran Terran
  • League: Master

Event: Cheesadelphia Summer 2016

VOD

Have the link to the VOD?

Description

Time

  • Played on: July 23, 2016, 5:34 p.m.
  • Length: 11:59

All games in this series

Show
View Real Time Build Order
Export as new Build Order

Voltz Zerg 

Build Orders: Hatch First 

Get SALT Encoding   

  12  0:00  Drone  
  13  0:12  Overlord  
  13  0:16  Drone  
  14  0:30  Drone x2  
  14  0:34  Drone  
  17  0:52  Hatchery  
  17  0:54  Drone  
  17  0:58  Drone  
  17  1:00  Extractor  
  17  1:14  Spawning Pool  
  17  1:16  Drone  
  17  1:20  Drone  
  18  1:28  Drone  
  19  1:38  Overlord  
  19  1:49  Drone  
  20  2:01  Queen  
  20  2:02  Metabolic Boost, Zergling x2  
  20  2:05  Queen  
  20  2:07  Zergling x2  
  26  2:11  Drone  
  27  2:16  Drone  
  27  2:21  Drone  
  29  2:26  Drone  
  30  2:35  Overlord  
  30  2:40  Pneumatized Carapace  
  30  2:41  Queen  
  30  2:43  Drone  
  33  2:47  Drone  
  33  2:50  Drone  
  35  2:54  Drone  
  36  3:03  Overlord  
  36  3:05  Drone  
  37  3:09  Drone x2  
  37  3:10  Drone x2  
  37  3:12  Drone  
  42  3:14  Drone  
  42  3:15  Drone  
  44  3:24  Drone x2  
  46  3:27  Drone  
  46  3:33  Overlord  
  47  3:37  Hatchery  
  46  3:45  Roach Warren  
  46  3:47  Evolution Chamber  
  46  3:48  Drone  
  44  3:51  Evolution Chamber  
  44  3:52  Drone x2  
  44  3:54  Extractor  
  44  3:55  Extractor  
  43  3:58  Lair  
  43  4:03  Drone x3  
  43  4:05  Drone  
  43  4:07  Drone  
  43  4:09  Drone  
  49  4:13  Spore Crawler  
  49  4:16  Drone, Spore Crawler  
  48  4:19  Zerg Missile Weapons Level 1  
  48  4:27  Roach x3  
  48  4:31  Overlord  
  54  4:34  Overlord  
  54  4:47  Overlord  
  54  4:50  Roach x2  
  54  4:51  Roach  
  54  4:52  Drone  
  61  4:55  Drone  
  62  5:05  Roach  
  62  5:07  Roach x2  
  68  5:17  Roach  
  68  5:18  Roach x3  
  74  5:22  Queen  
  74  5:25  Ravager  
  77  5:29  Ravager x2  
  77  5:33  Drone x3  
  81  5:37  Overlord  
  79  5:46  Roach x2  
  79  5:47  Overlord  
  79  5:48  Overlord  
  81  5:50  Extractor  
  81  5:53  Overlord  
  81  5:54  Drone  
  81  5:56  Drone x2  
  80  6:04  Drone  
  80  6:05  Drone x3  
  80  6:08  Zerg Ground Armor Level 1, Infestation Pit  
  83  6:11  Queen  
  83  6:13  Queen  
  83  6:16  Spore Crawler  
  85  6:22  Drone  
  85  6:23  Drone x3  
  89  6:27  Drone x2  
  91  6:33  Overlord x2  
  91  6:34  Drone x2  
  91  6:36  Drone  
  91  6:37  Zerg Melee Weapons Level 1  
  91  6:39  Drone x3  
  97  6:40  Drone  
  97  6:42  Drone  
  99  6:49  Roach  
  99  6:50  Roach x2  
  99  6:51  Ravager  
  99  6:52  Ravager x2  
  99  6:53  Ravager x2  
  110  7:00  Queen x2  
  113  7:08  Overlord x2  
  113  7:09  Overlord  
  113  7:21  Overlord  
  113  7:24  Overlord x2  
  113  7:26  Queen, Roach  
  113  7:27  Roach x2  
  113  7:28  Roach x2  
  113  7:29  Ravager  
  125  7:30  Ravager x3  
  125  7:33  Roach  
  129  7:38  Overlord x2  
  125  7:45  Queen x2  
  125  7:49  Roach x5  
  113  7:59  Roach x6  
  113  8:05  Roach x3  
  118  8:08  Roach  
  118  8:09  Roach  
  118  8:10  Queen  
  119  8:14  Roach x2  
  119  8:16  Zergling x2  
  119  8:17  Zergling x4  
  106  8:31  Zergling x6  
  95  8:34  Zergling x10  
  95  8:39  Roach Warren  
  90  8:41  Zergling x2  
  90  8:42  Queen x2  
  90  8:45  Zergling x2  
  90  8:46  Zergling x2  
  93  8:51  Zergling x2  
  93  8:52  Queen  
  93  8:55  Zergling x2  
  93  8:56  Zergling x2  
  94  9:05  Zergling x2  
  94  9:06  Zergling x4  
  95  9:18  Roach  
  95  9:19  Roach x9  
  95  9:20  Ravager x3  
  118  9:28  Roach x3  
  118  9:30  Queen x2  
  127  9:34  Roach  
  127  9:41  Drone  
  127  9:42  Drone x3  
  127  9:44  Extractor  
  130  9:46  Extractor  
  130  9:47  Hive  
  127  9:54  Roach x7  
  140  10:03  Hatchery  
  137  10:11  Roach x10  
  155  10:16  Roach  
  157  10:26  Ravager x4  
  161  10:28  Roach  
  161  10:29  Roach x2  
  159  10:36  Roach x2  
  153  10:45  Extractor  
  153  10:47  Extractor  
  153  10:48  Zergling x8  
  153  10:49  Zergling x6  
  124  10:52  Zergling x2  
  124  10:53  Zergling x2  
  124  10:56  Roach Warren, Zergling x4  
  108  11:00  Zergling x2  
  106  11:07  Zergling x2  
  106  11:08  Zergling x8  
  81  11:20  Zergling x10  
  66  11:28  Zergling x6  
  52  11:38  Roach  
  52  11:39  Roach x3  
  61  11:49  Ultralisk Cavern  
  61  11:50  Ultralisk Cavern  
  61  11:51  Ultralisk Cavern  
  61  11:52  Ultralisk Cavern  
  61  11:53  Ultralisk Cavern  
Show
View Real Time Build Order
Export as new Build Order

xKawaiian Terran - Winner!

Build Orders: Liberator Opening, Reaper Expand, MMM Bio 

Get SALT Encoding   

  12  0:00  SCV  
  13  0:12  SCV  
  14  0:17  Supply Depot  
  14  0:24  SCV  
  15  0:39  SCV  
  15  0:41  Barracks  
  16  0:46  Refinery  
  16  0:51  SCV  
  17  1:03  SCV  
  18  1:15  SCV  
  19  1:27  Orbital Command  
  19  1:28  Reaper  
  20  1:44  Command Center  
  20  1:55  SCV  
  20  1:56  Supply Depot  
  20  2:00  Marine  
  22  2:10  Factory  
  22  2:11  SCV  
  23  2:18  Refinery  
  23  2:23  SCV  
  23  2:27  Marine  
  25  2:35  SCV  
  26  2:45  Marine  
  26  2:47  SCV  
  28  2:53  Widow Mine  
  28  2:55  Starport  
  30  2:59  SCV, Orbital Command  
  30  3:03  Marine  
  32  3:11  Supply Depot  
  32  3:13  SCV  
  33  3:21  Marine  
  33  3:24  Factory Tech Lab  
  33  3:25  SCV x2  
  36  3:33  Medivac  
  37  3:37  SCV x2  
  37  3:38  Supply Depot, Marine  
  40  3:43  Siege Tank  
  40  3:45  Liberator  
  43  3:49  SCV  
  43  3:53  SCV  
  45  3:57  Barracks  
  45  4:01  SCV  
  46  4:08  SCV  
  50  4:13  Barracks, SCV  
  51  4:17  Supply Depot  
  51  4:19  Engineering Bay  
  51  4:20  SCV  
  52  4:25  Barracks Reactor, SCV  
  53  4:32  Factory Tech Lab  
  53  4:33  SCV  
  54  4:40  SCV  
  54  4:45  Refinery x2  
  55  4:47  SCV  
  56  4:53  SCV  
  56  4:55  Starport Reactor  
  56  4:56  Stimpack  
  56  4:59  Barracks x2, SCV  
  58  5:07  SCV  
  58  5:12  Barracks Reactor  
  59  5:25  SCV  
  59  5:26  Siege Tank  
  59  5:28  Terran Infantry Weapons Level 1, Marine x3  
  65  5:44  SCV  
  65  5:46  Marine x2  
  65  5:47  Marauder  
  70  5:51  Barracks Tech Lab  
  70  5:52  Supply Depot, Barracks Reactor  
  70  5:56  Supply Depot, Marine x2  
  70  5:57  SCV x2  
  74  6:02  Supply Depot  
  74  6:03  Supply Depot, Siege Tank  
  77  6:05  Marine  
  78  6:13  Supply Depot  
  78  6:14  Supply Depot, Medivac, Marauder x2  
  78  6:16  Medivac  
  86  6:23  Marine  
  87  6:28  Combat Shields, Marine  
  87  6:29  Supply Depot  
  88  6:33  Marine  
  88  6:36  Marauder x2  
  91  6:43  Marine x2  
  91  6:44  Marine x2  
  91  6:46  Marine  
  96  6:50  Medivac, Marine  
  96  6:51  Medivac  
  101  6:57  Concussive Shells, Marauder x2  
  101  7:01  Marine x2  
  105  7:04  Supply Depot x2  
  106  7:11  Marine  
  106  7:15  Supply Depot x2  
  104  7:17  Marine  
  104  7:19  Marauder x2  
  104  7:21  Marine  
  104  7:22  Marine x3  
  113  7:27  SCV  
  113  7:29  Marine  
  115  7:32  Medivac x2  
  115  7:34  Marine  
  120  7:39  Marine x3  
  120  7:40  Marauder  
  120  7:41  Marine  
  124  7:55  Marine  
  124  7:58  Marauder  
  116  8:01  Marine, Marauder  
  116  8:02  Marine  
  106  8:06  Siege Tank  
  106  8:09  Marine  
  106  8:12  Medivac  
  109  8:19  Marauder  
  105  8:23  Marauder  
  103  8:30  Marine  
  95  8:34  Marine  
  95  8:36  Marine x3  
  95  8:37  Marine  
  95  8:38  Siege Tank  
  95  8:40  Marauder  
  102  8:44  Marauder  
  102  8:48  Marine  
  100  8:52  Marine  
  100  8:54  Marine x2  
  100  8:55  SCV  
  102  8:58  Engineering Bay  
  102  8:59  Engineering Bay  
  102  9:02  Marauder, SCV  
  105  9:04  Armory  
  105  9:05  Marauder  
  105  9:07  SCV  
  105  9:08  Command Center  
  108  9:10  Marine  
  108  9:12  Marine  
  107  9:19  Marine x4  
  107  9:23  Marauder  
  111  9:26  Marine  
  111  9:27  Terran Infantry Armor Level 1, Marine  
  111  9:28  SCV x2  
  115  9:36  Marine  
  115  9:37  Marine, Medivac  
  117  9:40  SCV x2  
  117  9:45  Marine, Marauder  
  121  9:49  Marine  
  117  9:53  Marine, Marauder  
  117  9:55  SCV x2  
  117  9:56  Marine x3  
  125  10:03  Marine  
  125  10:06  Marauder  
  127  10:07  Marine  
  127  10:09  Siege Tank  
  127  10:11  Marine  
  127  10:14  Marine x3  
  134  10:15  Marauder  
  137  10:21  Marine  
  137  10:25  Marine  
  137  10:27  Marauder  
  141  10:29  Marine  
  141  10:32  Marine x3  
  144  10:36  Marauder  
  144  10:39  Marine  
  144  10:41  Siege Tank  
  139  10:42  Marine  
  139  10:46  Marine  
  139  10:49  Marine, Marauder  
  119  10:50  Marine x2  
  119  10:57  Marine  
  119  10:58  Marauder  
  119  11:00  Marine  
  122  11:04  Marine  
  122  11:07  Marine x2  
  122  11:08  Marine  
  122  11:10  Marauder  
  128  11:15  Marine  
  118  11:18  Marine x2  
  118  11:22  Marine  
  118  11:25  Marine x3  
  111  11:31  Marine  
  111  11:32  Marine  
  102  11:36  Marine x2  
  105  11:40  Marine  
Tags
 
Add a new tag
Caveats
  • Supply blocks, unpowered buildings, or Contaminate may cause inaccurate times.
  • Supply counts are checked every 10 seconds.